 Dungeon Crawl Stone Soup version 0.30-a0-777-ga9a30cbeda (webtiles) character file.

Game seed: 8688913024402743403

878 PLAYERX the Ducker (level 8, -2/67 HPs)
             Began as a Gnoll Monk on Feb 14, 2023.
             Slain by a yak (3 damage)
             ... on level 5 of the Dungeon.
             The game lasted 00:17:58 (4127 turns).

PLAYERX the Ducker (Gnoll Monk)                     Turns: 4127, Time: 00:17:59

Health: -2/67      AC: 11    Str: 20    XL:     8   Next: 4%
Magic:  12/12      EV: 14    Int: 11    God:
Gold:   290        SH:  0    Dex: 16    Spells: 13/13 levels left

rFire   . . .      SeeInvis .    a - +0 spear
rCold   . . .      Faith    .    (no shield)
rNeg    + . .      Spirit   .    b - +0 ring mail
rPois   .          Reflect  .    g - +0 helmet
rElec   .          Harm     .    n - +0 cloak "Tiobof" {rN+ Int+2 Dex+2}
rCorr   .          Rampage  .    (no gloves)
Will    .....                    u - +2 pair of boots
Stlth   ++                       (no amulet)
HPRegen 0.31/turn                j - +6 ring of strength
MPRegen 0.13/turn                (no ring)

@: no status effects
A: fangs 1, strong nose, distributed training
a: no special abilities


You were on level 5 of the Dungeon.
You visited 1 branch of the dungeon, and saw 5 of its levels.

You collected 290 gold pieces.

Inventory:

Hand Weapons
 a - a +0 spear (weapon)
Armour
 b - a +0 ring mail (worn)
 g - a +0 helmet (worn)
 n - the +0 cloak "Tiobof" (worn) {rN+ Int+2 Dex+2}
   (You found it on level 3 of the Dungeon)

   Int:       It affects your intelligence (+2).
   Dex:       It affects your dexterity (+2).
   rN:        It protects you from negative energy.
 u - a +2 pair of boots (worn)
Jewellery
 j - a +6 ring of strength (left hand)
 q - a ring of ice
Wands
 p - a wand of charming (13)
Scrolls
 c - 2 scrolls of torment {unknown}
 e - a scroll of vulnerability {unknown}
 f - a scroll of acquirement {unknown}
 h - a scroll of immolation {unknown}
 i - a scroll of poison {unknown}
 k - a scroll of amnesia {unknown}
 m - 3 scrolls of identify {unknown}
 o - 2 scrolls of blinking {unknown}
 r - a scroll of fog {unknown}
 t - a scroll of teleportation {unknown}
Potions
 d - a potion of flight {unknown}
 l - a potion of degeneration {unknown}
 s - 2 potions of curing
 v - a potion of lignification {unknown}
 w - a potion of might {unknown}


   Skills:
 + Level 7.2 Fighting
 + Level 3.0 Short Blades
 + Level 3.0 Long Blades
 + Level 3.0 Axes
 + Level 3.0 Maces & Flails
 + Level 7.2 Polearms
 + Level 3.0 Staves
 + Level 3.0 Ranged Weapons
 + Level 3.0 Throwing
 + Level 3.0 Armour
 + Level 7.2 Dodging
 + Level 5.2 Stealth
 + Level 3.0 Shields
 + Level 3.0 Unarmed Combat
 + Level 3.0 Spellcasting
 + Level 2.4 Conjurations
 + Level 2.4 Hexes
 + Level 2.4 Summonings
 + Level 2.4 Necromancy
 + Level 2.4 Translocations
 + Level 2.4 Transmutations
 + Level 2.4 Fire Magic
 + Level 2.4 Ice Magic
 + Level 2.4 Air Magic
 + Level 2.4 Earth Magic
 + Level 2.4 Poison Magic
 + Level 3.3 Invocations
 + Level 3.0 Evocations


You had 13 spell levels left.
You didn't know any spells.
Your spell library contained the following spells:

 Spells                   Type           Power      Damage    Failure   Level
 Cigotuvi's Dreadful Rot  Necr/Pois/Air  14%        N/A       24%         2
 Anguish                  Hex/Necr       3%         N/A       85%         4
 Dispel Undead            Necr           7%         3d8       85%         4
 Petrify                  Tmut/Erth      7%         N/A       85%         4
 Metabolic Englaciation   Hex/Ice        3%         N/A       99%         5
 Death Channel            Necr           3%         N/A       100%        6
 Statue Form              Tmut/Erth      4%         N/A       100%        6
 Enfeeble                 Hex            3%         N/A       100%        7
 Chain Lightning          Conj/Air       3%         3d4       100%        9
 Fire Storm               Conj/Fire      3%         8d1       100%        9
 Shatter                  Erth           3%         3d7*      100%        9


Dungeon Overview and Level Annotations

Branches:
Dungeon (5/15)
 Temple: D:4-7

Altars:

Shops:
D:4 [


Innate Abilities, Weirdness & Mutations

You have very sharp teeth.
Your uncanny sense of smell can sniff out nearby items.
Your experience applies equally to all skills.


Message History

Your Axes skill increases to level 3!
Your Maces & Flails skill increases to level 3!
Your Staves skill increases to level 3!
Your Ranged Weapons skill increases to level 3!
Your Throwing skill increases to level 3!
Your Armour skill increases to level 3!
Your Shields skill increases to level 3!
Your Unarmed Combat skill increases to level 3!
Your Spellcasting skill increases to level 3!
Your Evocations skill increases to level 3!
You have reached level 8!
You feel stronger.
You are too injured to fight recklessly!
You are too injured to fight recklessly!
You are too injured to fight recklessly!
The yak gores you!
* * * LOW HITPOINT WARNING * * *
You hit the yak.
The yak is lightly wounded.
You hit the yak but do no damage. You bite the yak, but do no damage.
The yak is lightly wounded.
You hit the yak but do no damage.
The yak is lightly wounded.
The yak misses you.
You hit the yak. Your bite misses the yak.
The yak is lightly wounded.
The yak barely misses you.
You hit the yak.
The yak is lightly wounded.
The yak completely misses you. The yak gores you.
* * * LOW HITPOINT WARNING * * *
The yak barely misses you.
You hit the yak. You punch the yak.
The yak is moderately wounded.
You hit the yak. Your punch misses the yak.
The yak is moderately wounded.
The yak closely misses you. The yak gores you.
* * * LOW HITPOINT WARNING * * *
The yak gores you.
You die...

### ..### 8...### ∆ .
888...##### ..
..888.....###∆ ...
[...88.##...### ....
.#..8..#..8...### .....
...88.##.8888...###.....#
8.....#..8..888Y@Y.......
8888.##.88....88Y#####...
..8..#..8..#..8..#
#.†.##.88....88.## ∆
###.#...8.8..8..#
#####...8888.## ∆
###..Y8..# ###...#


You could see 4 yaks.

Vanquished Creatures
  Sigmund (D:2)
  A yak (D:5)
  3 scorpions
  2 jellies
  A hound (D:5)
  An iguana (D:4)
  An orc wizard (D:3)
  13 adders
  A shadow imp (D:4)
  2 worms (D:4)
  3 dart slugs
  14 orcs
  3 endoplasms
  6 giant cockroaches
  8 goblins
  7 hobgoblins
  12 jackals
  3 kobolds
  4 quokkas
  4 ball pythons
  8 bats
  5 frilled lizards
  4 rats
107 creatures vanquished.

Notes
Turn   | Place    | Note
-------+----------+-------------------------------------------
     0 | D:1      | PLAYERX the Gnoll Monk began the quest for the Orb.
     0 | D:1      | Reached XP level 1. HP: 23/23 MP: 1/1
    70 | D:1      | Reached XP level 2. HP: 29/29 MP: 2/2
   394 | D:1      | Reached XP level 3. HP: 35/35 MP: 3/3
   396 | D:1      | Found a faded altar of an unknown god.
  1018 | D:2      | Reached skill level 1 in Invocations
  1023 | D:2      | Reached skill level 1 in Short Blades
  1023 | D:2      | Reached skill level 1 in Long Blades
  1023 | D:2      | Reached skill level 1 in Axes
  1023 | D:2      | Reached skill level 1 in Maces & Flails
  1023 | D:2      | Reached skill level 1 in Staves
  1023 | D:2      | Reached skill level 1 in Ranged Weapons
  1023 | D:2      | Reached skill level 1 in Throwing
  1023 | D:2      | Reached skill level 1 in Armour
  1023 | D:2      | Reached skill level 1 in Shields
  1023 | D:2      | Reached skill level 1 in Unarmed Combat
  1023 | D:2      | Reached skill level 1 in Spellcasting
  1023 | D:2      | Reached skill level 1 in Evocations
  1172 | D:2      | Reached XP level 4. HP: 41/41 MP: 5/5
  1546 | D:2      | Noticed Sigmund
  1576 | D:2      | Killed Sigmund
  1577 | D:2      | Reached skill level 1 in Conjurations
  1577 | D:2      | Reached skill level 1 in Hexes
  1577 | D:2      | Reached skill level 1 in Summonings
  1577 | D:2      | Reached skill level 1 in Necromancy
  1577 | D:2      | Reached skill level 1 in Translocations
  1577 | D:2      | Reached skill level 1 in Transmutations
  1577 | D:2      | Reached skill level 1 in Fire Magic
  1577 | D:2      | Reached skill level 1 in Ice Magic
  1577 | D:2      | Reached skill level 1 in Air Magic
  1577 | D:2      | Reached skill level 1 in Earth Magic
  1577 | D:2      | Reached skill level 1 in Poison Magic
  1577 | D:2      | Reached XP level 5. HP: 17/47 MP: 5/7
  1577 | D:2      | Reached XP level 6. HP: 19/53 MP: 5/8
  2016 | D:3      | Identified the +0 cloak "Tiobof" {rN+ Int+2 Dex+2}
  3092 | D:4      | Reached XP level 7. HP: 54/60 MP: 10/10
  3244 | D:4      | Found Keecwum's Armour Boutique.
  3835 | D:5      | Entered Level 5 of the Dungeon
  3967 | D:5      | Reached skill level 5 in Stealth
  4068 | D:5      | Noticed a yak
  4068 | D:5      | Noticed a yak
  4068 | D:5      | Noticed a yak
  4068 | D:5      | Noticed a yak
  4092 | D:5      | Noticed a yak
  4119 | D:5      | Killed a yak
  4120 | D:5      | Reached XP level 8. HP: 19/67 MP: 12/12
  4127 | D:5      | HP: 1/67 [yak (6)]
  4127 | D:5      | Slain by a yak

Illustrated notes

Levels and vault maps discovered:
D:1:      minmay_arrival_glassed_features, layout_basic,
          shapermc_ecumenical_altar_pompeii
D:2:      layout_basic, hangedman_decor_points, nicolae_hexahallways,
          minmay_increasing_density, uniq_sigmund
D:3:      layout_loops_ring
D:4:      layout_gridville, serial_shops, shop_coins, minmay_misc_feat_roman
D:5:      minmay_skewed_foursquare, layout_rooms, serial_shops,
          nicolae_shop_trees, kennysheep_small_square

Skill      XL: |  1  2  3  4  5  6  7 |
---------------+----------------------+-----
Invocations    | 1 2 3 |  3.3
Short Blades   | 1 2 3 |  3.0
Long Blades    | 1 2 3 |  3.0
Axes           | 1 2 3 |  3.0
Maces & Flails | 1 2 3 |  3.0
Staves         | 1 2 3 |  3.0
Ranged Weapons | 1 2 3 |  3.0
Throwing       | 1 2 3 |  3.0
Armour         | 1 2 3 |  3.0
Shields        | 1 2 3 |  3.0
Unarmed Combat | 1 2 3 |  3.0
Spellcasting   | 1 2 3 |  3.0
Evocations     | 1 2 3 |  3.0
Conjurations   | 1 2 |  2.4
Hexes          | 1 2 |  2.4
Summonings     | 1 2 |  2.4
Necromancy     | 1 2 |  2.4
Translocations | 1 2 |  2.4
Transmutations | 1 2 |  2.4
Fire Magic     | 1 2 |  2.4
Ice Magic      | 1 2 |  2.4
Air Magic      | 1 2 |  2.4
Earth Magic    | 1 2 |  2.4
Poison Magic   | 1 2 |  2.4
Fighting       | 7 |  7.2
Polearms       | 7 |  7.2
Dodging        | 7 |  7.2
Stealth        | 5 |  5.2

Action                     |  1- 3 |  4- 6 |  7- 9 || total
---------------------------+-------+-------+-------++-------
  Melee: Spear             |   110 |   238 |   211 ||   559
         Bite              |     6 |    22 |    22 ||    50
         Punch             |     1 |     5 |     8 ||    14
    Use: Potion            |       |     1 |       ||     1
   Stab: Sleeping          |     8 |    11 |     2 ||    21
         Distracted        |       |     1 |       ||     1
 Armour: Robe              |    14 |     5 |       ||    19
         Ring mail         |       |    49 |    48 ||    97
  Dodge: Dodged            |    66 |   111 |   121 ||   298

Table legend: (Time is in decaauts)
 A = Elapsed time spent in this place.
 B = Non-inter-level travel time spent in this place.
 C = Inter-level travel time spent in this place.
 D = Time resting spent in this place.
 E = Time spent auto-exploring this place.
 F = Levels seen in this place.
 G = Mean time per level.
                   A        B        C        D        E       F      G
               +--------+--------+--------+--------+--------+-----+--------+
         Total |   3993 |   3993 |      0 |    219 |   2472 |   5 |  798.6 |
       Dungeon |   3993 |   3993 |      0 |    219 |   2472 |   5 |  798.6 |
               +--------+--------+--------+--------+--------+-----+--------+

Top non-repeatable levels by time:
     D:2: 1299 daAuts
     D:4: 965 daAuts
     D:3: 859 daAuts
     D:1: 604 daAuts
     D:5: 264 daAuts
